 Dungeon Crawl Stone Soup version 0.29.0-13-gc9e81de378 (webtiles) character file.

Game seed: 8661636595395523038

8 Artool the Cudgeller (level 2, 16/22 HPs)
             Began as a Demonspawn Gladiator on Sept 8, 2022.
             Quit the game on level 1 of the Dungeon.
             The game lasted 00:00:30 (511 turns).

Artool the Cudgeller (Demonspawn Gladiator)          Turns: 511, Time: 00:00:30

Health: 16/22      AC:  3    Str: 14    XL:     2   Next: 0%
Magic:  2/2        EV: 12    Int:  9    God:
Gold:   41         SH:  0    Dex: 14    Spells: 1/1 levels left

rFire   . . .      SeeInvis .   a - +0 flail
rCold   . . .      Faith    .   (no shield)
rNeg    . . .      Spirit   .   b - +0 leather armour
rPois   .          Reflect  .   (helmet restricted)
rElec   .          Harm     .   (no cloak)
rCorr   .          Rampage  .   (no gloves)
Will    .....                   (no boots)
Stlth   +.........              (no amulet)
HPRegen 0.07/turn               (no ring)
MPRegen 0.08/turn               (no ring)

@: no status effects
A: horns 1
a: no special abilities


You were on level 1 of the Dungeon.
You visited 1 branch of the dungeon, and saw 1 of its levels.

You collected 41 gold pieces.

Inventory:

Hand Weapons
 a - a +0 flail (weapon)
Missiles
 d - 3 throwing nets (quivered)
 e - a javelin
Armour
 b - a +0 leather armour (worn)
 c - a +0 helmet
Jewellery
 j - a +6 ring of intelligence
Scrolls
 f - 2 scrolls of teleportation {unknown}
 g - 2 scrolls of identify {unknown}
Potions
 h - a potion of magic {unknown}
 i - a potion of attraction {unknown}
 k - a potion of curing {unknown}


   Skills:
 + Level 2.2 Fighting
 + Level 2.8 Maces & Flails
 - Level 1.7 Throwing
 + Level 0.4 Armour
 + Level 2.8 Dodging


You had one spell level left.
You didn't know any spells.
Your spell library was empty.

Dungeon Overview and Level Annotations

Branches:
Dungeon (1/15)

Altars:


Innate Abilities, Weirdness & Mutations

You have a pair of small horns on your head.


Message History

No target in view!
Found a flail.
No target in view!
A bat comes into view.
Found 7 gold pieces and a scroll labelled WUWOETRACVO.
Found a sedimented purple potion.
The bat closely misses you.
You hit the bat.
You kill the bat!
No target in view!
No target in view!
No target in view!
f - 2 scrolls labelled WUWOETRACVO (gained 1)
You now have 41 gold pieces (gained 7).
k - a sedimented purple potion No target in view!
No target in view!
No target in view!
You open the door.
There is an open door here.
A hobgoblin comes into view.
The hobgoblin shouts!
You hit the hobgoblin.
The hobgoblin is heavily wounded.
The hobgoblin hits you but does no damage.
You hit the hobgoblin but do no damage.
The hobgoblin is heavily wounded.
The hobgoblin closely misses you.
You hit the hobgoblin but do no damage.
The hobgoblin is heavily wounded.
The hobgoblin barely misses you. The hobgoblin hits you.
A hobgoblin is nearby!
You hit the hobgoblin.
You kill the hobgoblin!
You have reached level 2!
You feel monstrous as your demonic heritage exerts itself.
Your demonic ancestry asserts itself...
A pair of horns grows on your head!
Your +0 helmet falls away!
Are you sure you want to abandon this character and quit the game? (Confirm with "yes".)

#.#..#.#..# ###
#.####.#..# #.#
#......#..# #.#
#########.# ##+#.#
#.. #....###### #.#
#.........# #.#
#....# #.# #.# ##@#.#
#.# #.# #.#.# #.# #.#
#.#.# #.# #.# #.#.#
#.# #.. #.#.#
#.#####.# ######'###
#.......# #........##
#........
#........##.#.#######
#........##.#.##


There were no monsters in sight!

Vanquished Creatures
  2 hobgoblins (D:1)
  A quokka (D:1)
  2 ball pythons (D:1)
  2 bats (D:1)
7 creatures vanquished.

Notes
Turn   | Place    | Note
-------+----------+-------------------------------------------
     0 | D:1      | Artool the Demonspawn Gladiator began the quest for the
                  | Orb.
     0 | D:1      | Reached XP level 1. HP: 16/16 MP: 1/1
   198 | D:1      | Found a faded altar of an unknown god.
   511 | D:1      | Discovered your monstrous ancestry.
   511 | D:1      | Gained mutation: You have a pair of small horns on your
                  | head. [demonic ancestry]
   511 | D:1      | Reached XP level 2. HP: 16/22 MP: 2/2
   511 | D:1      | Quit the game

Illustrated notes

Levels and vault maps discovered:
D:1:      ncdulo_smallfort, layout_basic, shapermc_ecumenical_altar_hornbeckon

Action                   || total
-------------------------++-------
Melee: Flail             ||    20
Armor: Leather armour    ||     4
Dodge: Dodged            ||    15
